 Dungeon Crawl Stone Soup version 0.14-a0-2746-g43b4f9c (webtiles) character file.

550 Psiweapon the Skirmisher (level 6, -9/40 HPs)
             Began as a Gargoyle Fighter on Feb 22, 2014.
             Killed by divine providence
             ... invoked by an orc priest
              (15 damage)
             ... on Level 4 of the Dungeon.
             The game lasted 00:15:42 (3108 turns).

Psiweapon the Skirmisher (Gargoyle Fighter)         Turns: 3108, Time: 00:15:42

HP  -9/40        AC 20     Str 22      XL: 6   Next: 83%
MP   6/6         EV  4     Int 13      God:
Gold 154         SH 20     Dex  9      Spells:  0 memorised,  5 levels left

rFire  . . .     SeeInvis .     a - +0 mace
rCold  . . .     Clarity  .     D - +2 plate armour
rNeg   + . .     Conserve .     c - +0 shield
rPois  +         rCorr    .     g - +1 helmet
rElec  +         rRot     +     (no cloak)
SustAb . .       Spirit   .     (no gloves)
rMut   .         Warding  .     (no boots)
Saprov . . .     Stasis   .     (no amulet)
MR     .....                    (no ring)
                                (no ring)

@: brilliant, not resistant to hostile enchantments, extremely unstealthy
A: life protection 1, electricity resistance, unbreathing, petrification
resistance, AC +4
a: no special abilities


You were on level 4 of the Dungeon.
You were not hungry.

You visited 1 branch of the dungeon, and saw 4 of its levels.

You collected 154 gold pieces.

Inventory:

Hand weapons
 a - a +0,+0 mace (weapon)
 f - a +0,+0 hand axe
 A - a +0 blowgun
Missiles
 e - a stone
 C - 20 poisoned needles
 I - 2 tomahawks (quivered)
Armour
 c - a +0 shield (worn)
 g - a +1 helmet (worn)
 u - a +0 orcish scale mail of cold resistance
 D - a +2 plate armour (worn)
Comestibles
 d - 5 bread rations
 j - 11 strawberries
 l - a banana
 o - a meat ration
 G - a choko
Scrolls
 h - a scroll of recharging {unknown}
 k - a scroll of fog {unknown}
 n - a scroll of curse weapon {unknown}
 p - a scroll of curse jewellery {unknown}
 q - a scroll of immolation {unknown}
 r - 4 scrolls of identify {unknown}
 s - 3 scrolls of enchant armour {unknown}
 v - 2 scrolls of noise {unknown}
 y - 2 scrolls of remove curse {unknown}
 B - 2 scrolls of teleportation {unknown}
 E - a scroll of curse armour {unknown}
 J - a scroll of enchant weapon II {unknown}
Jewellery
 i - an uncursed ring of fire
Potions
 m - a potion of cure mutation {unknown}
 t - a potion of poison {unknown}
 z - a potion of brilliance
 F - a potion of lignification {unknown}
Books
 w - a book of Beasts

   Spells                             Type                      Level
   Summon Butterflies                 Summoning                    1
   Sticks to Snakes                   Transmutation                2
   Call Canine Familiar               Summoning                    3
   Ice Form                           Ice/Transmutation            4
   Summon Ice Beast                   Ice/Summoning                4
   Summon Hydra                       Summoning                    7
 H - a book of Transfigurations

   Spells                             Type                      Level
   Stoneskin                          Transmutation/Earth          2
   Ice Form                           Ice/Transmutation            4
   Statue Form                        Transmutation/Earth          6
   Dragon Form                        Transmutation                7


   Skills:
 + Level 5.0 Fighting
 + Level 4.1 Maces & Flails
 + Level 4.9 Armour
 + Level 5.0 Shields


You had 5 spell levels left.
You didn't know any spells.

Dungeon Overview and Level Annotations

Branches:
Dungeon (4/16)
 Temple: D:4-7

Altars:

Annotations:
D:2 Crazy Yiuf


Innate Abilities, Weirdness & Mutations

You are resistant to torment.
You are immune to poison.
Your stone body is very resilient (AC +4).
You resist negative energy.
You are resistant to electric shocks.
You can survive without breathing.
You are immune to petrification.


Message History

The orc priest calls down the wrath of Beogh upon you.
You barely resist.
A hobgoblin comes into view.
The hobgoblin shouts!
You block the orc priest's attack.
You hit the orc priest.
The orc priest is moderately wounded.
The orc priest barely misses you.
The orc priest mumbles some strange prayers to Beogh against you.
Pain shoots through your body!
* * * LOW HITPOINT WARNING * * *
You closely miss the orc priest.
The orc priest is moderately wounded.
The orc priest barely misses you.
Drink which item? (? for menu, Esc to quit)
You feel clever all of a sudden.
It was a potion of brilliance.
The orc priest calls down the wrath of Beogh upon you.
Something smites you!
You die...

.. .. ....# .....
###.. # ##.#. . #..
#.#... .## #..
#o###.#..# #.. #..
..........# #.# #..
#g# #.# #.. #o# #.#
#.# #@#####)## #.#
#).......# #.#
########(.######.##
#..................
#.######...........
##.######### #.# #
#.# # #.# .


You could see an orc priest and a hobgoblin.

Vanquished Creatures
  A sky beast (D:4)
  The ghost of Psiweapon the Skirmisher, an average GrFi (D:3)
  An orc priest (D:4)
  A worker ant (D:4)
  2 orc wizards
  4 adders (D:3)
  A giant mite (D:3)
  A worm (D:4)
  2 giant geckos
  4 orcs
  7 bats
  7 giant cockroaches
  8 goblins
  5 hobgoblins
  4 jackals (D:1)
  2 quokkas
  4 ball pythons
  2 giant newts (D:1)
  11 kobolds
  7 rats
75 creatures vanquished.

Notes
Turn   | Place    | Note
--------------------------------------------------------------
     0 | D:1      | Psiweapon, the Gargoyle Fighter, began the quest for the Orb.
     0 | D:1      | Reached XP level 1. HP: 14/14 MP: 1/1
    32 | D:1      | Reached XP level 2. HP: 17/19 MP: 2/2
   400 | D:1      | Reached XP level 3. HP: 24/24 MP: 3/3
  1352 | D:3      | Noticed Psiweapon's ghost (average GrFi)
  1361 | D:3      | Reached skill level 4 in Armour
  1399 | D:3      | Killed Psiweapon's ghost
  1399 | D:3      | Reached XP level 4. HP: 10/29 MP: 4/4
  1399 | D:3      | Reached XP level 5. HP: 11/33 MP: 5/5
  2815 | D:4      | Reached XP level 6. HP: 39/39 MP: 6/6
  3055 | D:4      | Noticed a sky beast
  3073 | D:4      | Killed a sky beast
  3073 | D:4      | Reached skill level 5 in Fighting
  3100 | D:4      | HP: 2/40 [orc priest/divine providence (12)]
  3104 | D:4      | Reached skill level 5 in Shields
  3108 | D:4      | Killed from afar by an orc priest

Action                   |  1- 3 |  4- 6 || total
-------------------------+-------+-------++-------
Melee: Mace              |   176 |   143 ||   319
 Fire: Blowgun           |       |    31 ||    31
Throw: Tomahawk          |       |     2 ||     2
  Use: Potion            |       |     3 ||     3
